 Dungeon Crawl Stone Soup version 0.28-a0-664-gc179e30c89 (webtiles) character file.

Game seed: 4432912247899469806

70 bande the Covered (level 4, -4/29 HPs)
             Began as a Gargoyle Fighter on Oct 15, 2021.
             Slain by Sigmund (5 damage)
             ... on level 2 of the Dungeon.
             The game lasted 00:03:35 (2009 turns).

bande the Covered (Gargoyle Fighter)                Turns: 2009, Time: 00:03:35

Health: -4/29      AC: 14    Str: 20    XL:     4   Next: 21%
Magic:  4/4        EV:  7    Int:  9    God:
Gold:   52         SH:  0    Dex:  9    Spells: 3/3 levels left

rFire   . . .      SeeInvis .   a - +0 war axe
rCold   . . .      Faith    .   c - +0 buckler
rNeg    + . .      Spirit   .   g - +0 chain mail
rPois   ∞          Reflect  .   b - +0 helmet
rElec   +          Harm     .   (no cloak)
rCorr   .          Rampage  .   (no gloves)
Will    .....                   (no boots)
Stlth   ..........              (no amulet)
HPRegen 0.09/turn               (no ring)
MPRegen 0.09/turn               (no ring)

@: confused, mighty
A: sickness immunity, AC +3, negative energy resistance 1, electricity
resistance, torment resistance 1, petrification resistance
a: no special abilities


You were on level 2 of the Dungeon.
You visited 1 branch of the dungeon, and saw 2 of its levels.

You collected 52 gold pieces.

Inventory:

Hand Weapons
 a - a +0 war axe (weapon)
Armour
 b - a +0 helmet (worn)
 c - a +0 buckler (worn)
 g - a +0 chain mail (worn)
Scrolls
 e - a scroll of summoning {unknown}
 f - 2 scrolls of teleportation {unknown}
 h - a scroll of vulnerability {unknown}
Potions
 d - 2 potions of might


   Skills:
 + Level 3.7 Fighting
 + Level 2.7 Axes
 + Level 3.9 Armour
 + Level 3.8 Shields


You had 3 spell levels left.
You didn't know any spells.
Your spell library contained the following spells:

 Spells                   Type           Power      Damage    Failure   Level
 Blink                    Tloc           N/A        N/A       99%         2
 Lesser Beckoning         Tloc           0%         N/A       100%        3
 Manifold Assault         Tloc           0%         N/A       100%        5


Dungeon Overview and Level Annotations

Branches:
Dungeon (2/15)

Altars:

Shops:
D:1 [(*:[

Annotations:
D:2 Sigmund


Innate Abilities, Weirdness & Mutations

You are immune to sickness and miasma.
Your stone body is resilient. (AC +3)
You are immune to poison.
You resist negative energy. (rN+)
You are resistant to electric shocks. (rElec)
You are resistant to unholy torment.
You are immune to petrification.


Message History

The goblin is moderately wounded.
The goblin completely misses you. You block the goblin's attack.
You closely miss the goblin.
The goblin is moderately wounded.
The goblin barely misses you.
You slash the goblin!
You kill the goblin!
No target in view!
No target in view!
Things that are here:
a +0 club; a goblin corpse You now have 52 gold pieces (gained 11).
Found a stone staircase leading down.
You pick up a book of Spatial Translocations and begin reading...
You add the spells Blink, Lesser Beckoning and Manifold Assault to your library.
You open the door.
There is an open door here.
Found 10 stones.
You see here 10 stones.
Sigmund the Dreaded comes into view.
He is wielding a +5 scythe of distortion.
Sigmund shouts!
You feel very mighty all of a sudden. Sigmund gestures at you while chanting.
You are confused.
You bump into the rock wall.
You bump into the rock wall.
Sigmund casts a spell at you.
You are more confused.
Sigmund points at you and mumbles some strange words.
The puff of flame hits you!
You bump into the rock wall.
Sigmund hits you but does no damage.
You blink.
Sigmund hits you from afar with a +5 scythe of distortion!
Sigmund points at you and mumbles some strange words.
You are more confused.
Sigmund barely misses you.
You're too confused to move!
Sigmund hits you with a +5 scythe of distortion!
* * * LOW HITPOINT WARNING * * *
Space bends around you.
You die...

####################
#..........(........
#.################## # #.#
... ..#
#####.#.###.######.#
......#.@........#.#
#.....@...# #.# +.........+
# #.# #.........#.#.#.#
####
#########+#.#.#.####...
#........>......'...
#..........#.####...
#.......#..#.# #...
#.......#..#.####...
########.......#.......+...


You could see Sigmund.

Vanquished Creatures
  Robin (D:2)
  An adder (D:2)
  A worm (D:2)
  A dart slug (D:1)
  6 ball pythons
  4 endoplasms
  A giant cockroach (D:1)
  13 goblins
  6 hobgoblins
  4 kobolds (D:1)
  A frilled lizard (D:2)
  A rat (D:1)
40 creatures vanquished.

Notes
Turn   | Place    | Note
-------+----------+-------------------------------------------
     0 | D:1      | bande the Gargoyle Fighter began the quest for the Orb.
     0 | D:1      | Reached XP level 1. HP: 14/14 MP: 1/1
    19 | D:1      | Found Fageopre's Book Emporium.
    66 | D:1      | Reached XP level 2. HP: 10/19 MP: 2/2
   260 | D:1      | Found a faded altar of an unknown god.
   343 | D:1      | Found Emaudagac's Antique Armour Emporium.
   412 | D:1      | Found Gigo Iva's General Store.
   558 | D:1      | Found Mankif's Armour Emporium.
   573 | D:1      | Reached XP level 3. HP: 14/24 MP: 3/3
   750 | D:1      | Found Afitai Xitia's Antique Weapon Shoppe.
  1132 | D:2      | Noticed Robin
  1155 | D:2      | Killed Robin
  1580 | D:2      | Reached XP level 4. HP: 28/29 MP: 4/4
  1994 | D:2      | Noticed Sigmund
  2009 | D:2      | HP: 1/29 [Sigmund (8)]
  2009 | D:2      | Slain by Sigmund

Illustrated notes

Levels and vault maps discovered:
D:1:      minmay_arrival_nine_rooms, layout_loops_ring, serial_shops,
          nicolae_shop_trees, nicolae_shop_stone, shop, shop, shop,
          ebering_ecumenical_altar_abandoned
D:2:      layout_basic, uniq_robin, uniq_sigmund

Skill      XL: |  1  2 |
---------------+-------+-----
Axes           | 2 |  2.7
Fighting       | |  3.7
Armour         | |  3.9
Shields        | |  3.8

Action                   |  1- 3 |  4- 6 || total
-------------------------+-------+-------++-------
Melee: War axe           |    76 |    10 ||    86
  Use: Potion            |     2 |     1 ||     3
Armor: Scale mail        |     8 |       ||     8
       Chain mail        |    47 |     3 ||    50
       Skin              |    18 |       ||    18
Dodge: Dodged            |    32 |     5 ||    37
Block: Buckler           |    25 |     2 ||    27

Table legend: (Time is in decaauts)
 A = Elapsed time spent in this place.
 B = Non-inter-level travel time spent in this place.
 C = Inter-level travel time spent in this place.
 D = Time resting spent in this place.
 E = Time spent auto-exploring this place.
 F = Levels seen in this place.
 G = Mean time per level.
                   A        B        C        D        E       F      G
               +--------+--------+--------+--------+--------+-----+--------+
         Total |   2043 |   1997 |     46 |    405 |   1315 |   2 | 1021.5 |
       Dungeon |   2043 |   1997 |     46 |    405 |   1315 |   2 | 1021.5 |
               +--------+--------+--------+--------+--------+-----+--------+

Top non-repeatable levels by time:
     D:1: 1136 daAuts
     D:2: 906 daAuts
